 Seeded DCSS version 0.30-a0-269-gf0224bf7b6 (webtiles) character file.

Game seed: 2039437283393860379 (custom seed)

60 purpskrrrp the Chopper (level 3, -7/33 HPs)
             Began as a Minotaur Berserker on Oct 14, 2022.
             Was a Follower of Trog.
             Mangled by Natasha (8 damage)
             ... on level 2 of the Dungeon.
             The game lasted 00:01:29 (777 turns).

purpskrrrp the Chopper (Minotaur Berserker)          Turns: 777, Time: 00:01:29

Health: -7/33      AC:  2    Str: 23    XL:     3   Next: 82%
Magic:  2/2        EV: 12    Int:  4    God:    Trog [*.....]
Gold:   72         SH:  0    Dex:  9    Spells: 2/2 levels left

rFire   . . .      SeeInvis .    a - +0 hand axe
rCold   . . .      Faith    .    (no shield)
rNeg    . . .      Spirit   .    b - +0 animal skin
rPois   .          Reflect  .    (helmet restricted)
rElec   .          Harm     .    (no cloak)
rCorr   .          Rampage  .    (no gloves)
Will    .....                    (no boots)
Stlth   +.........               (no amulet)
HPRegen 0.25/turn                (no ring)
MPRegen 0.08/turn                (no ring)

@: slowed, very slow
A: horns 2, retaliatory headbutt
a: Renounce Religion, Berserk


You were on level 2 of the Dungeon.
You worshipped Trog.
Trog was aware of your devotion.
You visited 1 branch of the dungeon, and saw 2 of its levels.

You collected 72 gold pieces.

Inventory:

Hand Weapons
 a - a +0 hand axe (weapon)
Armour
 b - a +0 animal skin (worn)
Jewellery
 e - a ring of magical power
 i - an amulet of reflection
 j - a +4 ring of slaying
Scrolls
 h - a scroll of identify
Potions
 c - a potion of might {unknown}
 f - a potion of cancellation {unknown}


   Skills:
 + Level 4.1 Fighting
 * Level 4.6 Axes
 + Level 3.1 Armour
 + Level 2.8 Dodging


You had 2 spell levels left.
You didn't know any spells.
Your spell library was empty.

Dungeon Overview and Level Annotations

Branches:
Dungeon (2/15)

Altars:

Annotations:
D:2 Natasha


Innate Abilities, Weirdness & Mutations

You have a pair of horns on your head.
You reflexively headbutt those who attack you in melee.


Message History

You are too injured to fight recklessly!
You are too injured to fight recklessly!
You are too injured to fight recklessly!
You are too injured to fight recklessly!
You are too injured to fight recklessly!
You are too injured to fight recklessly!
You are too injured to fight recklessly!
You are too injured to fight recklessly!
You are too injured to fight recklessly!
You are too injured to fight recklessly!
You are too injured to fight recklessly!
You are too injured to fight recklessly!
You are too injured to fight recklessly!
You are too injured to fight recklessly!
You are too injured to fight recklessly!
You are too injured to fight recklessly!
You are too injured to fight recklessly!
Unknown command.
You barely miss the white imp. Your headbutt misses the white imp.
You slash Natasha! Natasha claws you but does no damage.
The white imp gestures at you. The puff of frost hits you.
* * * LOW HITPOINT WARNING * * *
Natasha claws you.
* * * LOW HITPOINT WARNING * * *
You feel better. The white imp gestures at you. The puff of frost misses you.
Natasha claws you. The white imp barely misses you. Natasha claws you.
* * * LOW HITPOINT WARNING * * *
Natasha attacks as you move away! Natasha claws you but does no damage.
The crimson imp blinks!
You hit Natasha.
Natasha is almost dead.
You closely miss the white imp. The white imp hits you.
* * * LOW HITPOINT WARNING * * *
The white imp freezes you.
* * * LOW HITPOINT WARNING * * *
Natasha claws you!
You die...

....###### ..
........#.....
.......#.....
......#.....
.5..>...... .w§.$...#
#+# . #5......# #.###.
#5h.....# #.#..
#@......# #.#.#
#..$....# #.#.##
.##.#.......#####.....
..................#.##
..#.###.########...<..
#. #...........####
#.###..##.####..#
..#............#.#####
............####.....#


You could see a worm, Natasha, a crimson imp (summoned), a white imp (summoned)
and a shadow imp (summoned).

Vanquished Creatures
  Natasha (D:2)
  2 adders (D:2)
  A ball python (D:1)
  2 endoplasms (D:1)
  2 goblins
  3 hobgoblins (D:1)
  4 bats (D:1)
  A kobold (D:1)
  A rat (D:1)
17 creatures vanquished.

Notes
Turn   | Place    | Note
-------+----------+-------------------------------------------
     0 | D:1      | purpskrrrp the Minotaur Berserker began the quest for the
                  | Orb.
     0 | D:1      | Reached XP level 1. HP: 19/19 MP: 0/0
   266 | D:1      | Reached XP level 2. HP: 26/27 MP: 1/1
   720 | D:2      | Noticed Natasha
   732 | D:2      | Noticed a crimson imp
   732 | D:2      | Killed Natasha
   733 | D:2      | Reached XP level 3. HP: 25/33 MP: 2/2
   767 | D:2      | Noticed Natasha
   777 | D:2      | HP: 1/33 [white imp[Natasha] (3)]
   777 | D:2      | Mangled by Natasha

Illustrated notes

Levels and vault maps discovered:
D:1:      minmay_arrival_semitransparent, layout_loops_ring
D:2:      layout_basic, serial_forest, infiniplex_forest_join,
          infiniplex_forest_pool, infiniplex_forest_clump_small,
          infiniplex_forest_end_1, infiniplex_forest_zigzag_2, uniq_natasha

Skill      XL: |  1  2 |
---------------+-------+-----
Axes           | 4 |  4.6
Fighting       | 4 |  4.1
Armour         | 3 |  3.1
Dodging        | |  2.8

Action                   || total
-------------------------++-------
Melee: Hand axe          ||    37
       Headbutt          ||     1
Throw: Boomerang         ||     5
  Use: Scroll            ||     2
       Potion            ||     1
Armor: Animal skin       ||     9
Dodge: Dodged            ||    31

Table legend: (Time is in decaauts)
 A = Elapsed time spent in this place.
 B = Non-inter-level travel time spent in this place.
 C = Inter-level travel time spent in this place.
 D = Time resting spent in this place.
 E = Time spent auto-exploring this place.
 F = Levels seen in this place.
 G = Mean time per level.
                   A        B        C        D        E       F      G
               +--------+--------+--------+--------+--------+-----+--------+
         Total |    791 |    769 |     22 |      0 |    623 |   2 |  395.5 |
       Dungeon |    791 |    769 |     22 |      0 |    623 |   2 |  395.5 |
               +--------+--------+--------+--------+--------+-----+--------+

Top non-repeatable levels by time:
     D:1: 645 daAuts
     D:2: 145 daAuts
